 Dungeon Crawl Stone Soup version 0.31-a0-1447-g87ca8d402b (webtiles) character file.

Game seed: 8974711104650199631

14 mopl the Firebug (level 2, 0/24 HPs)
             Began as an Oni Fire Elementalist on Dec 27, 2023.
             Slain by a cerulean imp
             ... wielding a +2 spear
             ... summoned by Natasha
              (4 damage)
             ... on level 2 of the Dungeon.
             The game lasted 00:01:10 (511 turns).

mopl the Firebug (Oni Fire Elementalist)             Turns: 511, Time: 00:01:10

Health: 0/24       AC:  3    Str: 11    XL:     2   Next: 41%
Magic:  1/5        EV:  9    Int: 16    God:
Gold:   75         SH:  0    Dex:  9    Spells: 3/6 levels left

rFire   . . .        (no weapon)
rCold   . . .        (no shield)
rNeg    . . .        a - +0 robe
rPois   .            (helmet restricted)
rElec   .            (no cloak)
rCorr   .            (gloves unavailable)
SInv    .            (boots unavailable)
Will    .....        (no amulet)
Stlth   +            (no ring)
HPRegen 0.24/turn    (no ring)
MPRegen 0.09/turn

%: no passive effects
@: no status effects
A: large, unfitting armour, horns 1, tough skin 1, double potion healing,
drunken brawling
a: no special abilities


You were on level 2 of the Dungeon.
You visited 1 branch of the dungeon, and saw 2 of its levels.

You collected 75 gold pieces.

Inventory:

Armour
 a - a +0 robe (worn)
Scrolls
 c - a scroll of immolation {unknown}
 e - 2 scrolls of enchant armour {unknown}
 g - a scroll of identify {unknown}
Potions
 b - a potion of magic
 d - a potion of mutation {unknown}
 f - a potion of resistance {unknown}


   Skills:
 - Level 1.7 Dodging
 - Level 1.4 Stealth
 + Level 2.8 Spellcasting
 + Level 1.3 Conjurations
 + Level 3.0 Fire Magic


You had 3 spell levels left.
You knew the following spells:

 Your Spells              Type           Power      Damage    Failure   Level
a - Foxfire               Conj/Fire      36%        2x1d5     8%          1
b - Scorch                Fire           22%        2d5       9%          2

Your spell library contained the following spells:

 Spells                   Type           Power      Damage    Failure   Level
 Inner Flame              Hex/Fire       7%         N/A       30%         3
 Volatile Blastmotes      Fire/Tloc      14%        2d11      30%         3
 Flame Wave               Conj/Fire      9%         2d6       61%         4


Dungeon Overview and Level Annotations

Branches:
Dungeon (1/15)

Altars:

Annotations:
D:2 Natasha


Innate Abilities, Weirdness & Mutations

You are too large for most types of armour.
You have a pair of small horns on your head.
You have tough skin. (AC +1)
You gain doubled healing and magic from potions.
Whenever you drink a healing potion, you attack all around you.


Message History

You feel troubled. The jackal attacks as it pursues you!
The jackal bites you but does no damage.
The jackal bites you but does no damage.
The jackal attacks as it pursues you! The jackal bites you.
Natasha mumbles some strange words.
The jackal bites you.
Casting: Foxfire (safe; 9% risk of failure)
Confirm with . or Enter, or press ? or * to list all spells.
You conjure some foxfire!
The jackal bites you but does no damage.
The foxfire hits the jackal.
The jackal is almost dead.
The foxfire hits the jackal.
You kill the jackal!
Natasha mumbles some strange words.
The jackal attacks as it pursues you!
The jackal bites you but does no damage.
The jackal bites you but does no damage.
Casting: Foxfire (safe; 8% risk of failure)
Confirm with . or Enter, or press ? or * to list all spells.
You conjure some foxfire!
The jackal closely misses you.
The foxfire hits the jackal.
You kill the jackal!
The foxfire hits the cerulean imp.
The cerulean imp is moderately wounded.
Your Fire Magic skill increases to level 3!
Unknown command.
The cerulean imp disappears in a puff of smoke!
The cerulean imp hits you from afar with a +2 spear.
Natasha howls an incantation.
Natasha shimmers violently.
Found a stone staircase leading down.
The cerulean imp hits you from afar with a +2 spear.
* * * LOW HITPOINT WARNING * * *
The cerulean imp attacks as it pursues you!
The cerulean imp hits you from afar with a +2 spear.
* * * LOW HITPOINT WARNING * * *
The cerulean imp hits you from afar with a +2 spear.
You die...

#. .. #. #. . ######
.###.#. ...... ......
...... #.#..#######..
.......# #.#.......>...
......... #.....@.......
.......#.##.#...........
..?....#.......5.#####..
............#..#.#
###### #....#h.#.# #
#####..#...#.# #
#......#5#.#.# #.#
#........# ###
#.###......###


You could see Natasha and 2 cerulean imps.

Vanquished Creatures
  An endoplasm (D:1)
  2 giant cockroaches (D:1)
  4 jackals
  A kobold (D:1)
  A quokka (D:1)
  A ball python (D:1)
  A bat (D:1)
11 creatures vanquished.

Vanquished Creatures (others)
  32 foxfires
32 creatures vanquished.

Grand Total: 43 creatures vanquished

Notes
Turn   | Place    | Note
-------+----------+-------------------------------------------
     0 | D:1      | mopl the Oni Fire Elementalist began the quest for the Orb.
     0 | D:1      | Reached XP level 1. HP: 16/16 MP: 3/3
    17 | D:1      | Reached skill level 1 in Conjurations
   153 | D:1      | Reached XP level 2. HP: 6/24 MP: 1/5
   193 | D:1      | Learned a level 2 spell: Scorch
   447 | D:1      | You fall into a shaft and drop 1 floor!
   475 | D:2      | Noticed Natasha
   505 | D:2      | Reached skill level 3 in Fire Magic
   511 | D:2      | Slain by a cerulean imp

Illustrated notes

Levels and vault maps discovered:
D:1:      nicolae_arrival_washed_ashore, layout_basic, minmay_door_square
D:2:      layout_loops_cross, hangedman_decor_clover_reticule,
          hangedman_abyss_or_decor_stabs, kennysheep_generic_room_12,
          uniq_natasha

Skill      XL: |  1  2 |
---------------+-------+-----
Conjurations   | 1 |  1.3
Fire Magic     | 3 |  3.0
Dodging        | |  1.7
Stealth        | |  1.4
Spellcasting   | |  2.8

Action                     || total
---------------------------++-------
  Melee: Unarmed           ||    13
         Headbutt          ||     1
   Cast: Foxfire           ||    21
 Armour: Robe              ||    34
  Dodge: Dodged            ||    15

Table legend: (Time is in decaauts)
 A = Elapsed time spent in this place.
 B = Non-inter-level travel time spent in this place.
 C = Inter-level travel time spent in this place.
 D = Time resting spent in this place.
 E = Time spent auto-exploring this place.
 F = Levels seen in this place.
 G = Mean time per level.
                   A        B        C        D        E       F      G
               +--------+--------+--------+--------+--------+-----+--------+
         Total |    510 |    510 |      0 |     37 |    353 |   2 |  255.0 |
       Dungeon |    510 |    510 |      0 |     37 |    353 |   2 |  255.0 |
               +--------+--------+--------+--------+--------+-----+--------+

Top non-repeatable levels by time:
     D:1: 447 daAuts
     D:2: 63 daAuts
